 Dungeon Crawl Stone Soup version 0.30-a0-29-g142975f185 (webtiles) character file.

Game seed: 9126809935265789953

287 AttackTheMoon the Trooper (level 6, -5/49 HPs)
             Began as a Mummy Berserker on Aug 26, 2022.
             Was a Believer of Trog.
             Slain by melkoren's ghost (12 damage)
             ... on level 4 of the Dungeon.
             The game lasted 00:05:08 (3792 turns).

AttackTheMoon the Trooper (Mummy Berserker)         Turns: 3792, Time: 00:05:08

Health: -5/49      AC: 13    Str: 22    XL:     6   Next: 8%
Magic:  6/6        EV: 15    Int: 10    God:    Trog [**....]
Gold:   182        SH:  0    Dex: 11    Spells: 5/5 levels left

rFire   x . .      SeeInvis .    o - +10 quarterstaff of Grand Optimality {freeze, Int+3}
rCold   + . .      Faith    .    (shield currently unavailable)
rNeg    + + +      Spirit   .    i - +0 plate armour
rPois   ∞          Reflect  .    h - +0 helmet
rElec   .          Harm     .    (no cloak)
rCorr   .          Rampage  .    q - +0 pair of gloves
Will    .....                    (no boots)
Stlth   ..........               (no amulet)
HPRegen 0.16/turn                d - +4 ring of evasion
MPRegen 0.10/turn                p - +4 ring of evasion

@: no status effects
A: cold resistance 1, negative energy resistance 3, torment resistance 2, heat
vulnerability 1, in touch with death 1, no potions
a: Renounce Religion, Trog's Hand


You were on level 4 of the Dungeon.
You worshipped Trog.
Trog was pleased with you.
You visited 1 branch of the dungeon, and saw 4 of its levels.

You collected 182 gold pieces.

Inventory:

Hand Weapons
 a - a +1 mace
 k - a +4 quarterstaff of chaos
 o - the +10 quarterstaff of Grand Optimality (weapon) {freeze, Int+3}
   (You found it on level 4 of the Dungeon)

   It freezes those it strikes, dealing additional cold damage.
   It can also slow down cold-blooded creatures.
   Int:       It affects your intelligence (+3).
Armour
 b - a +0 animal skin
 h - a +0 helmet (worn)
 i - a +0 plate armour (worn)
 q - a +0 pair of gloves (worn)
Jewellery
 d - a +4 ring of evasion (left hand)
 p - a +4 ring of evasion (right hand)
Wands
 j - a wand of flame (16)
 r - a wand of acid (13) (quivered)
Scrolls
 c - 3 scrolls of noise
 e - a scroll of enchant weapon
 f - a scroll of identify
 g - a scroll of teleportation
 l - a scroll of magic mapping
 m - a scroll of blinking
 n - a scroll of acquirement {unknown}


   Skills:
 + Level 4.3 Fighting
 - Level 3.5 Maces & Flails
 + Level 0.2(2.1) Staves
 + Level 3.1 Armour
 - Level 2.5 Dodging


You had 5 spell levels left.
You didn't know any spells.
Your spell library was empty.

Dungeon Overview and Level Annotations

Branches:
Dungeon (4/15)             Temple (0/1) D:4

Altars:
Qazlal
Vehumet

Shops:
D:3 !

Annotations:
D:4 1 runed translucent door, exclusion: oklob sapling, melkoren's ghost, amateur MfIE


Innate Abilities, Weirdness & Mutations

You are immune to poison.
Your flesh is cold resistant. (rC+)
You are immune to negative energy. (rN+++)
You are immune to unholy pain and torment.
You are vulnerable to heat. (rF-)
You are in touch with the powers of death.
You do not drink.


Message History

No target in view!
No target in view!
No target in view!
No target in view!
No target in view!
As you open the door, it creaks loudly!
You hear a shout!
There is an open door here.
There is an open door here.
You open the door.
Found a runed translucent door.
Found a stone staircase leading up.
There is an open door here.
Found a staircase to the Ecumenical Temple.
Found a scroll labelled FAPU COELU.
You open the door. The adder misses you.
You thump the adder!
The adder seems to slow down.
You freeze the adder.
You kill the adder!
Trog accepts your kill.
You closely miss the giant cockroach. The giant cockroach closely misses you.
The giant cockroach bites you but does no damage.
You thump the giant cockroach! You freeze the giant cockroach.
You kill the giant cockroach!
Trog accepts your kill.
You hit melkoren's ghost.
Melkoren's ghost is lightly damaged.
Melkoren's ghost hits you but does no damage.
Melkoren's ghost hits you.
You are electrocuted!!
You closely miss melkoren's ghost.
Melkoren's ghost is lightly damaged.
Melkoren's ghost freezes you.
You are frozen.
You resist.
You sock melkoren's ghost! You freeze melkoren's ghost.
Melkoren's ghost is heavily damaged.
Melkoren's ghost hits you.
You are electrocuted!
* * * LOW HITPOINT WARNING * * *
You barely miss melkoren's ghost.
Melkoren's ghost is heavily damaged.
Melkoren's ghost hits you but does no damage.
You are electrocuted!
You die...

... #.........#.......#....
.. #...#######.......#####
#...#.................. ...
#...#..................
....##'##..................
............................
....<.......................
................###'#####...
...........@....#.......#...
.........##W##..#.......#...
.P..P.####~~~#..'.......#...


PPPP.. #~~~#..#.......#### ..PP. #~~~####........... >. #~~~#..............
.PPPPP #~?~#...>.......... ..PPPP..+###~~~#.##...##..###.
#..PP.P....#~~~#.##...##..###. You could see melkoren's ghost.

Vanquished Creatures
  A hound (D:4)
  Crazy Yiuf (D:2)
  Natasha (thrice) (D:2)
  A gnoll (D:3)
  8 adders
  2 worms (D:2)
  4 dart slugs
  2 orcs
  A bat (D:2)
  4 endoplasms
  2 giant cockroaches
  8 hobgoblins
  3 quokkas
  3 ball pythons
  3 frilled lizards
  4 goblins
  7 kobolds
  6 rats
63 creatures vanquished.

Notes
Turn   | Place    | Note
-------+----------+-------------------------------------------
     0 | D:1      | AttackTheMoon the Mummy Berserker began the quest for the
                  | Orb.
     0 | D:1      | Reached XP level 1. HP: 18/18 MP: 1/1
   520 | D:1      | Reached XP level 2. HP: 24/24 MP: 2/2
  1056 | D:2      | Noticed Natasha
  1068 | D:2      | Killed Natasha
  1069 | D:2      | Gained mutation: You are in touch with the powers of death.
                  | [Mummy growth]
  1069 | D:2      | Reached XP level 3. HP: 12/29 MP: 3/3
  1291 | D:2      | Found a faded altar of an unknown god.
  1520 | D:2      | Found a stormy altar of Qazlal.
  1640 | D:2      | Noticed Natasha
  1652 | D:2      | Killed Natasha
  1653 | D:2      | Reached XP level 4. HP: 9/36 MP: 4/4
  1713 | D:2      | Noticed Natasha
  1722 | D:2      | Killed Natasha
  2045 | D:2      | Found a runed translucent door.
  2046 | D:2      | Noticed Crazy Yiuf
  2402 | D:2      | Killed Crazy Yiuf
  2403 | D:2      | Reached XP level 5. HP: 14/42 MP: 5/5
  2634 | D:3      | Reached skill level 4 in Fighting
  2780 | D:3      | Reached ** piety under Trog
  3057 | D:3      | Found a radiant altar of Vehumet.
  3265 | D:3      | Found Kaeckiar's Distillery.
  3372 | D:4      | Reached XP level 6. HP: 43/49 MP: 6/6
  3453 | D:4      | Identified the +10 quarterstaff of Grand Optimality
                  | {freeze, Int+3}
  3607 | D:4      | Found a runed translucent door.
  3779 | D:4      | Found a runed translucent door.
  3782 | D:4      | Found a staircase to the Ecumenical Temple.
  3783 | D:4      | Noticed melkoren's ghost (amateur MfIE)
  3792 | D:4      | Slain by melkoren's ghost

Illustrated notes

Levels and vault maps discovered:
D:1:      elethiomel_arrival_quiet, layout_loops_ring, minmay_tetromino_t2
D:2:      layout_loops_ring, basic_altar,
          hellmonk_ecumenical_altar_pennies_from_heaven, uniq_natasha,
          uniq_crazy_yiuf_cottage
D:3:      minmay_recursive_quarters, layout_basic, nicolae_vehumet_altar_sigil,
          serial_shops, shop
D:4:      layout_gridville, minmay_temple_entry_oklob, ebering_ghost_sewer_f,
          hangedman_decor_lopped

Skill      XL: |  1  2  3  4  5 |
---------------+----------------+-----
Dodging        | 2 |  2.5
Armour         | 2 3 |  3.1
Maces & Flails | 3 |  3.5
Fighting       | 4 |  4.3
Staves         | |  0.2

Action                   |  1- 3 |  4- 6 || total
-------------------------+-------+-------++-------
Melee: Mace              |    72 |   131 ||   203
       Quarterstaff      |       |    21 ||    21
  Use: Scroll            |     5 |     2 ||     7
 Stab: Sleeping          |     1 |       ||     1
Armor: Animal skin       |     5 |     4 ||     9
       Plate armour      |       |    70 ||    70
Dodge: Dodged            |    55 |   115 ||   170

Table legend: (Time is in decaauts)
 A = Elapsed time spent in this place.
 B = Non-inter-level travel time spent in this place.
 C = Inter-level travel time spent in this place.
 D = Time resting spent in this place.
 E = Time spent auto-exploring this place.
 F = Levels seen in this place.
 G = Mean time per level.
                   A        B        C        D        E       F      G
               +--------+--------+--------+--------+--------+-----+--------+
         Total |   3870 |   3830 |     40 |      0 |   3258 |   4 |  967.5 |
       Dungeon |   3870 |   3830 |     40 |      0 |   3258 |   4 |  967.5 |
               +--------+--------+--------+--------+--------+-----+--------+

Top non-repeatable levels by time:
     D:2: 1704 daAuts
     D:1: 976 daAuts
     D:3: 736 daAuts
     D:4: 453 daAuts
